 Dungeon Sprint DCSS version 0.31-a0-1-g4198be8af4 (webtiles) character file.

Game seed: 8084165258887678712

4 sircluck the Caller (level 1, 0/7 HPs)
             Began as a Felid Summoner on May 2, 2023.
             Slain by a human (5 damage)
             ... in the Dungeon (Sprint III: "The Ten Rune Challenge").
             The game lasted 00:00:30 (78 turns).

sircluck the Caller (Felid Summoner)                  Turns: 78, Time: 00:00:30

Health: 0/7        AC:  1    Str:  4    XL:     1   Next: 50%
Magic:  2/4        EV: 17    Int: 16    God:
Gold:   14         SH:  0    Dex: 16    Spells: 3/4 levels left
                                        Lives:  0   Deaths: 0

rFire   . . .        (weapon unavailable)
rCold   . . .        (shield unavailable)
rNeg    . . .        (body armour unavailable)
rPois   .            (helmet unavailable)
rElec   .            (cloak unavailable)
rCorr   .            (gloves unavailable)
SInv    +            (boots unavailable)
Will    .....        (no amulet)
Stlth   ++           (no ring)
HPRegen 0.21/turn    (no ring)
MPRegen 0.09/turn

%: no teleportation
@: quick
A: very small, claws 1, fangs 3, see invisible, speed 1, shaggy fur 1, stealthy
paws, no weapons or thrown items, no armour, multi-lived
a: no special abilities


You were in the Dungeon.
You visited 1 branch You collected 14 gold pieces.

Inventory:

Scrolls
 f - a scroll of blinking
Potions
 a - 3 potions of magic
 b - a potion of curing
 c - a potion of heal wounds
 d - a potion of haste
 e - a potion of berserk rage
 g - a potion of flight {unknown}


   Skills:
 + Level 2.9 Dodging
 + Level 3.0 Stealth
 + Level 0.1 Unarmed Combat
 + Level 2.1 Spellcasting
 + Level 4.8 Summonings


You had 3 spell levels left.
You knew the following spells:

 Your Spells              Type           Power      Damage    Failure   Level
a - Summon Small Mammal   Summ           68%        N/A       2%          1

Your spell library contained the following spells:

 Spells                   Type           Power      Damage    Failure   Level
 Call Imp                 Summ           34%        N/A       4%          2
 Call Canine Familiar     Summ           17%        N/A       9%          3
 Summon Guardian Golem    Hex/Summ       9%         N/A       22%         3
 Summon Lightning Spire   Summ/Air       9%         N/A       58%         4


Dungeon Overview and Level Annotations

Branches:
Dungeon (1/1)

Altars:


Innate Abilities, Weirdness & Mutations

You have sharp claws.
You have razor-sharp teeth.
You have supernaturally acute eyesight. (SInv)
You cover ground quickly. (Speed+)
You are covered in fur. (AC +1)
Your paws help you pounce on unaware monsters.
You are incapable of wielding weapons or throwing items.
You cannot wear armour.
You gain extra lives every three experience levels.


Message History

Your quokka disappears in a puff of smoke!
Your bat barely misses the human.
You swap places.
Your bat closely misses the human.
The human closely misses your bat.
Your bat hits the human but does no damage.
The human closely misses your rat.
Your bat closely misses the human.
Your rat completely misses the human.
The human barely misses your rat.
Your bat closely misses the human.
Your rat bites the human but does no damage.
The human closely misses your rat.
Your bat barely misses the human.
Your rat closely misses the human.
The human hits your rat.
Your rat dies!
Your rat's corpse disappears in a puff of smoke!
Casting: Summon Small Mammal (safe; 2% risk of failure)
Confirm with . or Enter, or press ? or * to list all spells.
Your bat misses the human.
You swap places.
Your bat barely misses the human.
Your bat closely misses the human.
The human hits your quokka!
Your quokka dies!
Your quokka's corpse disappears in a puff of smoke!
Your bat hits the human but does no damage.
You closely miss the human. You bite the human, but do no damage.
The human is lightly wounded.
Your bat hits the human but does no damage.
The human barely misses you.
You scratch the human but do no damage.
The human is lightly wounded.
Your bat closely misses the human.
The human barely misses you.
You scratch the human but do no damage.
The human is lightly wounded.
Your bat hits the human but does no damage.
Your bat barely misses the human.
The human hits you.
You closely miss the human. You bite the human, but do no damage.
The human is lightly wounded.
Your bat disappears in a puff of smoke!
The human hits you.
Ouch! That really hurt!
You die...

▓.....#
▓.....#...~~♣...♣.
▓.....#..~~~~.♣...
▓####'#..~≈≈~~~...
▓...†.#.~~≈~~~....
▓...†.#.~≈~~~.....
▓.....#.~~~.......
▓'#####...........
▓..@p§............
▓▓▓▓▓▓▓▓▓▓▓▓▓▓▓▓▓▓


You could see a human.

Vanquished Creatures
  2 endoplasms (D)
  A rat (D)
3 creatures vanquished.

Vanquished Creatures (collateral kills)
  A rat (D)
1 creature vanquished.

Grand Total: 4 creatures vanquished

Notes
Turn   | Place    | Note
-------+----------+-------------------------------------------
     0 | D        | sircluck the Felid Summoner began the quest for the Orb.
     0 | D        | Reached XP level 1. HP: 7/7 MP: 4/4
    78 | D        | Slain by a human

Illustrated notes

Levels and vault maps discovered:
D:        dungeon_sprint_mu [sprint_mu_entry_forest, sprint_mu_temple_rooms,
          sprint_mu_d1_spiders, sprint_mu_d2_genie, sprint_mu_d3_branching,
          sprint_mu_orc_legion, sprint_mu_elf_gauntlet, sprint_mu_hive_nellie,
          sprint_mu_lair_fedhas, sprint_mu_vaults_butterflies,
          sprint_mu_slime_circle, sprint_mu_swamp_cave, sprint_mu_snake_twists,
          sprint_mu_blade_basic, sprint_mu_crypt_lich, sprint_mu_tomb_spiral,
          sprint_mu_vestibule_basic, sprint_mu_gehenna_hellfire,
          sprint_mu_dis_giant, sprint_mu_tartarus_statrot,
          sprint_mu_cocytus_islands, sprint_mu_zot1]

Skill      XL: |  1 |
---------------+----+-----
Stealth        | 3 |  3.0
Dodging        | |  2.9
Unarmed Combat | |  0.1
Spellcasting   | |  2.1
Summonings     | |  4.8

Action                     || total
---------------------------++-------
  Melee: Unarmed           ||    11
         Bite              ||     2
   Cast: Summon Small Mamm ||     5
   Stab: Sleeping          ||     2
  Dodge: Dodged            ||     4

Table legend: (Time is in decaauts)
 A = Elapsed time spent in this place.
 B = Non-inter-level travel time spent in this place.
 C = Inter-level travel time spent in this place.
 D = Time resting spent in this place.
 E = Time spent auto-exploring this place.
 F = Levels seen in this place.
 G = Mean time per level.
                   A        B        C        D        E       F      G
               +--------+--------+--------+--------+--------+-----+--------+
         Total |     68 |     68 |      0 |      0 |      0 |   1 |   68.0 |
       Dungeon |     68 |     68 |      0 |      0 |      0 |   1 |   68.0 |
               +--------+--------+--------+--------+--------+-----+--------+

Top non-repeatable levels by time:
       D: 68 daAuts
